 Dungeon Crawl Stone Soup version 0.27.1-33-g824d729ab1 (webtiles) character file.

Game seed: 5322694295030922174

248 Fractals the Sneak (level 5, -2/36 HPs)
             Began as a Vampire Enchanter on Dec 19, 2021.
             Slain by an orc wizard (4 damage)
             ... on level 3 of the Dungeon.
             The game lasted 00:21:08 (4229 turns).

Fractals the Sneak (Vampire Enchanter)              Turns: 4229, Time: 00:21:09

Health: -2/36      AC:  5    Str:  8    XL:     5   Next: 86%
Magic:  5/9        EV: 12    Int: 17    God:
Gold:   132        SH:  0    Dex: 15    Spells: 7/10 levels left

rFire    . . .     SeeInvis +   a - +1 dagger
rCold    . . .     Faith    .   (no shield)
rNeg     . . .     Spirit   .   p - +0 leather armour
rPois    .         Reflect  .   (no helmet)
rElec    .         Harm     .   (no cloak)
rCorr    .         Rampage  .   n - +0 pair of gloves
Will     .....                  o - +0 pair of boots
Stlth    ++........             (no amulet)
HPRegen  0.32/turn              (no ring)
MPRegen  0.11/turn              (no ring)

@: silenced, very slightly contaminated, healing quickly
A: alive, fangs 3, see invisible, vampiric 2, [frail 1]
a: Exsanguinate


You were on level 3 of the Dungeon.
You visited 1 branch of the dungeon, and saw 3 of its levels.

You collected 132 gold pieces.

Inventory:

Hand Weapons
 a - a +1 dagger (weapon)
Missiles
 h - 57 stones
 i - 42 poisoned darts
Armour
 n - a +0 pair of gloves (worn)
 o - a +0 pair of boots (worn)
 p - a +0 leather armour (worn)
Magical Staves
 q - a staff of fire
Jewellery
 b - a ring of protection from cold
Scrolls
 c - a scroll of fog
 f - a scroll of immolation {unknown}
 g - a scroll of teleportation {unknown}
 j - a scroll of acquirement {unknown}
 m - 2 scrolls of identify
Potions
 d - a potion of curing {unknown}
 k - a potion of berserk rage {unknown}
 l - 3 potions of flight


   Skills:
 - Level 3.0 Fighting
 - Level 1.1 Short Blades
 + Level 1.2 Armour
 - Level 2.5 Dodging
 + Level 5.2 Stealth
 - Level 3.0 Spellcasting
 - Level 5.0 Hexes
 - Level 2.0 Ice Magic


You had 7 spell levels left.
You knew the following spells:

 Your Spells              Type           Power      Damage    Failure   Level
a - Corona                Hex            21%        N/A       3%          1
b - Ensorcelled Hibernat  Hex/Ice        28%        N/A       9%          2

Your spell library contained the following spells:

 Spells                   Type           Power      Damage    Failure   Level
 Confusing Touch          Hex            19%        N/A       10%         3
 Tukima's Dance           Hex            19%        N/A       10%         3
 Foxfire                  Conj/Fire      8%         2x1d4     24%         1
 Dazzling Flash           Conj/Hex       22%        N/A       26%         3
 Inner Flame              Hex/Fire       11%        N/A       26%         3
 Conjure Flame            Conj/Fire      2%         6-21      58%         3


Dungeon Overview and Level Annotations

Branches:
Dungeon (3/15)

Altars:

Annotations:
D:3 2 transporters, unlimited1921's ghost, amateur HOFE


Innate Abilities, Weirdness & Mutations

Your natural rate of healing is accelerated.
You have razor-sharp teeth.
You have supernaturally acute eyesight. (SInv)
You are afflicted with vampirism and can become a bat while bloodless.
[You are frail. (-10% HP)]


Message History

The orc wizard is heavily wounded.
The orc wizard completely misses you.
Aiming: Ensorcelled Hibernation (safe; 9% risk of failure)
Press: ? - help, Q - select action, (/) - cycle Shift-Dir - straight line, f/p - orc
Aim: an orc, wielding a +0 dagger and wearing a +0 ring mail (chance to affect: 62%)
The orc wizard resists with some effort.
The orc wizard closely misses you.
Aiming: Ensorcelled Hibernation (safe; 9% risk of failure)
Press: ? - help, Q - select action, (/) - cycle Shift-Dir - straight line, f/p - orc
Aim: an orc, wielding a +0 dagger and wearing a +0 ring mail (chance to affect: 62%)
You miscast Ensorcelled Hibernation.
You are very lightly contaminated with residual magic.
Nothing appears to happen.
The orc wizard hits you with a +0 dagger.
* * * LOW HITPOINT WARNING * * *
You hit the orc wizard but do no damage.
The orc wizard is heavily wounded.
The orc wizard casts a spell at you. You resist with some effort.
You hit the orc wizard.
The orc wizard is heavily wounded.
The orc wizard hits you with a +0 dagger.
* * * LOW HITPOINT WARNING * * *
You hit the orc wizard.
You bite the orc wizard, but do no damage.
The orc wizard is severely wounded.
Unknown command.
As you read the scroll of silence, it crumbles to dust.
A profound silence engulfs you. The orc wizard closely misses you.
You hit the orc wizard but do no damage.
The orc wizard is severely wounded.
The orc wizard hits you but does no damage.
You barely miss the orc wizard.
The orc wizard is severely wounded.
The orc wizard hits you with a +0 dagger.
* * * LOW HITPOINT WARNING * * *
You hit the orc wizard. Your bite misses the orc wizard.
The orc wizard is severely wounded.
The orc wizard hits you with a +0 dagger.
You die...

#.#####...........
#.# #.8.....8...
#.# #...........
#.# #....>......
#.# #..........#
#.# #..........#
#.# #..........#
#.# #.8.....8.##
#@# #.........#
#o# ##.#.#..####
#o# #......## #.#
##.###### #.# #..#
#.# #.## #.# #o#
#.# #o# #.###.#


You could see an orc wizard (invisible) and an orc.

Vanquished Creatures
  A bullfrog skeleton (D:3)
  An orc wizard (D:3)
  9 adders
  3 worms
  4 dart slugs
  8 orcs (D:3)
  10 ball pythons
  6 endoplasms
  5 giant cockroaches
  4 goblins
  6 hobgoblins
  4 jackals (D:1)
  3 quokkas
  5 bats
  8 frilled lizards
  6 kobolds
  11 rats
94 creatures vanquished.

Vanquished Creatures (others)
  3 plants (D:3)
3 creatures vanquished.

Grand Total: 97 creatures vanquished

Notes
Turn   | Place    | Note
-------+----------+-------------------------------------------
     0 | D:1      | Fractals the Vampire Enchanter began the quest for the Orb.
     0 | D:1      | Reached XP level 1. HP: 13/13 MP: 3/3
   146 | D:1      | Reached skill level 5 in Stealth
   307 | D:1      | Reached skill level 1 in Fighting
   307 | D:1      | Reached XP level 2. HP: 15/21 MP: 5/5
   737 | D:1      | Gained mutation: You are afflicted with vampirism and can
                  | become a bat while bloodless. [Vampire growth]
   737 | D:1      | Reached XP level 3. HP: 27/27 MP: 6/6
  1216 | D:2      | Reached skill level 5 in Hexes
  1388 | D:2      | Reached XP level 4. HP: 17/33 MP: 5/7
  1444 | D:2      | Learned a level 2 spell: Ensorcelled Hibernation
  1797 | D:3      | Found a transporter.
  1824 | D:3      | Found a transporter.
  1824 | D:3      | Noticed unlimited1921's ghost (amateur HOFE)
  2384 | D:3      | Reached skill level 1 in Ice Magic
  2384 | D:3      | Reached XP level 5. HP: 37/39 MP: 3/9
  3556 | D:3      | Reached skill level 1 in Armour
  4229 | D:3      | Slain by an orc wizard

Illustrated notes

Levels and vault maps discovered:
D:1:      evilmike_arrival_hilbert_curve, layout_loops_ring
D:2:      layout_basic
D:3:      minmay_octagon_keep, layout_basic, gammafunk_ghost_stat_death,
          st_stairs_1, serial_bayou_pond_b, minmay_joined_circles

Skill      XL: |  1  2  3  4  5 |
---------------+----------------+-----
Stealth        | 5 |  5.2
Fighting       | 1 2 3 |  3.0
Hexes          | 5 |  5.0
Spellcasting   | 3 |  3.0
Ice Magic      | 1 2 |  2.0
Armour         | 1 |  1.2
Short Blades   | |  1.1
Dodging        | |  2.5

Action                   |  1- 3 |  4- 6 || total
-------------------------+-------+-------++-------
Melee: Dagger            |   149 |   311 ||   460
       Bite              |     9 |    29 ||    38
 Cast: Corona            |     5 |     2 ||     7
       Ensorcelled Hiber |       |    21 ||    21
 Abil: Exsanguinate      |       |     1 ||     1
       Revivify          |       |     1 ||     1
  Use: Scroll            |     1 |     4 ||     5
       Potion            |       |     1 ||     1
 Stab: Sleeping          |    12 |    13 ||    25
       Distracted        |       |     2 ||     2
Armor: Robe              |    21 |    14 ||    35
       Leather armour    |       |    59 ||    59
Dodge: Dodged            |    87 |   139 ||   226
